 Dungeon Crawl Stone Soup version 0.19.0-19-g8c6edcc (console) character file.

196 Morrissey the Digger (level 5, 0/30 HPs)
             Began as a Gargoyle Earth Elementalist on Nov 13, 2016.
             Slain by an adder (3 damage)
             ... on level 4 of the Dungeon.
             The game lasted 00:08:35 (3623 turns).

Morrissey the Digger (Gargoyle Earth Elementalist)  Turns: 3623, Time: 00:08:36

Health: 0/30       AC:  6    Str: 11    XL:     5   Next: 75%
Magic:  1/10       EV: 12    Int: 17    God:
Gold:   149        SH:  0    Dex: 10    Spells: 4 memorised, 0 levels left

rFire  . . .     SeeInvis .     b - 182 stones
rCold  . . .     Gourm    .     c - +0 robe
rNeg   + . .     Faith    .     (no shield)
rPois  ∞         Spirit   .     (no helmet)
rElec  +         Reflect  .     (no cloak)
rCorr  .         Harm     .     (no gloves)
MR     .....                    (no boots)
Stlth  ++........               (no amulet)
                                (no ring)
                                (no ring)

@: no status effects
A: negative energy resistance 1, electricity resistance, unbreathing,
petrification resistance, rot immunity, AC +4
a: no special abilities


You were on level 4 of the Dungeon.
You were hungry.

You visited 1 branch of the dungeon, and saw 4 of its levels.

You collected 149 gold pieces.

Inventory:

Hand Weapons
 a - a +0 club
Missiles
 b - 182 stones (in hand)
 i - 2 javelins of penetration
Armour
 c - a +0 robe (worn)
Wands
 p - a wand of acid (6/15)
Scrolls
 h - a scroll of recharging
 o - a scroll of magic mapping
 r - a scroll of amnesia {unknown}
Potions
 f - 2 potions of degeneration {unknown}
 g - a potion of lignification {unknown}
 j - a potion of flight {unknown}
 m - 2 potions of haste {unknown}
 s - 2 potions of heal wounds {unknown}
 t - a potion of curing {unknown}
Books
 e - a book of Geomancy

   Spells                             Type                      Level
   a - Sandblast                      Earth                        1
   b - Passwall                       Transmutation/Earth          2
   c - Stone Arrow                    Conjuration/Earth            3
   d - Petrify                        Transmutation/Earth          4
   e - Lee's Rapid Deconstruction     Earth                        5
Comestibles
 d - 3 bread rations
 k - a beef jerky
 l - a meat ration
 n - a chunk of flesh
 q - 9 fruits
 u - a slice of pizza


   Skills:
 + Level 2.2 Fighting
 - Level 1.5 Dodging
 - Level 2.1 Stealth
 * Level 3.8 Spellcasting
 + Level 1.8 Conjurations
 - Level 0.7 Transmutations
 + Level 4.7 Earth Magic


You couldn't memorise any spells.
You knew the following spells:

 Your Spells              Type           Power        Failure   Level  Hunger
a - Sandblast             Erth           ###...       2%          1    None
b - Passwall              Tmut/Erth      ##........   10%         2    ##.....
c - Stone Arrow           Conj/Erth      ##....       14%         3    ###....
d - Lee's Rapid Deconstr  Erth           ###.......   71%         5    ######.


Dungeon Overview and Level Annotations

Branches:
Dungeon (4/15)
 Temple: D:4-7

Altars:
Yredelemnul


Innate Abilities, Weirdness & Mutations

You are resistant to torment.
Your stone body is resilient. (AC +4)
You are immune to poison.
You resist negative energy. (rN+)
You are resistant to electric shocks. (rElec)
You can survive without breathing.
You are immune to petrification.
You are immune to rotting.


Message History

The rocky blast misses the adder.
* * * LOW MAGIC WARNING * * *
The adder closely misses you. The adder barely misses you.
The adder bites you but does no damage. The adder bites you.
* * * LOW HITPOINT WARNING * * *
The adder bites you.
* * * LOW HITPOINT WARNING * * *
Casting: Sandblast
Confirm with . or Enter, or press ? or * to list all spells.
Aiming: Sandblast
Press: ? - help, Shift-Dir - straight line, f/p - adder
Aim: an adder The rocky blast hits the adder.
The adder is severely wounded.
* * * LOW MAGIC WARNING * * *
The adder completely misses you. The adder bites you.
You die...

. # # # #
##################
#.................
#S################
#@#.........).....
.............?..########
.##..#..#.#####.# #.
#..#.# #.# .. #..# # #.#
.# #..# #.# #..# #.#
.... #.# #.#


You could see an adder.

Vanquished Creatures
  A howler monkey (D:4)
  7 adders
  An ooze (D:1)
  An adder skeleton (D:4)
  A worm (D:3)
  5 dart slugs
  2 leopard geckos
  4 orcs
  6 giant cockroaches
  4 goblins
  10 hobgoblins
  5 jackals
  A quokka (D:3)
  A ball python (D:1)
  9 bats
  6 frilled lizards (D:1)
  5 kobolds
  3 rats
72 creatures vanquished.

Vanquished Creatures (others)
  4 toadstools (D:1)
4 creatures vanquished.

Grand Total: 76 creatures vanquished

Notes
Turn   | Place    | Note
-------+----------+-------------------------------------------
     0 | D:1      | Morrissey the Gargoyle Earth Elementalist began the quest for the Orb.
     0 | D:1      | Reached XP level 1. HP: 10/10 MP: 3/3
   359 | D:1      | Reached XP level 2. HP: 9/16 MP: 3/5
   686 | D:1      | Learned a level 2 spell: Passwall
   942 | D:1      | Reached skill level 1 in Fighting
   944 | D:1      | Reached XP level 3. HP: 15/20 MP: 7/7
  1101 | D:1      | Learned a level 3 spell: Stone Arrow
  1266 | D:2      | Reached skill level 4 in Earth Magic
  1400 | D:2      | Reached XP level 4. HP: 25/25 MP: 6/8
  2164 | D:2      | Reached skill level 1 in Conjurations
  2429 | D:2      | Found a basalt altar of Yredelemnul.
  2747 | D:3      | Reached XP level 5. HP: 30/30 MP: 7/10
  2790 | D:3      | Learned a level 5 spell: Lee's Rapid Deconstruction
  3623 | D:4      | Slain by an adder

Skill      XL: |  1  2  3  4 |
---------------+-------------+-----
Fighting       | 1 2 |  2.2
Spellcasting   | 3 |  3.8
Earth Magic    | 4 |  4.7
Conjurations   | 1 |  1.8
Dodging        | |  1.5
Stealth        | |  2.1
Transmutations | |  0.7

Action                   |  1- 3 |  4- 6 || total
-------------------------+-------+-------++-------
Melee: Club              |    39 |    50 ||    89
 Cast: Sandblast         |    39 |    97 ||   136
  Use: Scroll            |       |     3 ||     3
 Stab: Sleeping          |     1 |     1 ||     2
  Eat: Chunk             |     2 |     6 ||     8
Armor: Robe              |    26 |    32 ||    58
Dodge: Dodged            |    45 |    75 ||   120
